 Dungeon Crawl Stone Soup version 0.28-a0-410-gbef64dd269 (webtiles) character file.

Game seed: 15591830724793601167

14289 mg7810 the Covert (level 12, -5/106 HPs)
             Began as a Naga Delver on Sept 6, 2021.
             Was an Elder of Dithmenos.
             Slain by a death yak (9 damage)
             ... on level 2 of the Lair of Beasts.
             The game lasted 00:40:04 (9308 turns).

mg7810 the Covert (Naga Delver)                     Turns: 9308, Time: 00:40:04

Health: -5/106     AC: 18    Str: 20    XL:     12   Next: 15%
Magic:  17/17      EV:  3    Int: 15    God:    Dithmenos [****..]
Gold:   569        SH:  9    Dex: 12    Spells: 11/11 levels left

rFire   + . .      SeeInvis +   D - +5 spear of the Wizarding Madman {spect, rF+ Int+4}
rCold   . . .      Faith    .   v - +1 kite shield
rNeg    + . .      Spirit   .   u - +0 plate armour
rPois   +          Reflect  .   L - +0 helmet
rElec   .          Harm     .   (no cloak)
rCorr   .          Rampage  .   m - +3 pair of gauntlets of War {Slay+5}
Will    +....                   (no barding)
Stlth   ..........              b - amulet of regeneration
HPRegen 1.27/turn               l - ring of positive energy
MPRegen 0.15/turn               J - ring of flight

@: about to teleport, on berserk cooldown, flying, slowed, wreathed by umbra,
very slow
A: AC +4, large, see invisible, deformed body, poison resistance, slowness 2,
spit poison 1, naga tail 1
a: Spit Poison, Renounce Religion, Shadow Step


You were on level 2 of the Lair of Beasts.
You worshipped Dithmenos.
Dithmenos was greatly pleased with you.
You visited 3 branches of the dungeon, and saw 13 of its levels.

You collected 721 gold pieces.
You spent 152 gold pieces at shops.

Inventory:

Hand Weapons
 r - a +7 spear of venom
 D - the +5 spear of the Wizarding Madman (weapon) {spect, rF+ Int+4}
   (You bought it in a shop on level 1 of the Dungeon)

   When its wielder attacks, the weapon's spirit leaps out and strikes again.
   The spirit shares a part of any damage it takes with its wielder.
   Int:       It affects your intelligence (+4).
   rF:        It protects you from fire.
Missiles
 i - 54 poisoned darts (quivered)
 y - 3 atropa-tipped darts
 N - 13 javelins
 O - 2 boomerangs
Armour
 m - the +3 pair of gauntlets of War (worn) {Slay+5}
   (You found it on level 6 of the Dungeon)

   Slay:      It affects your accuracy & damage with ranged weapons and melee
   (+5).
 n - a +2 pair of gloves of strength
 u - a +0 plate armour (worn)
 v - a +1 kite shield (worn)
 L - a +0 helmet (worn)
Magical Staves
 z - a staff of fire
Jewellery
 b - an amulet of regeneration (around neck)
 l - a ring of positive energy (left hand)
 o - a ring of protection from cold
 J - a ring of flight (right hand)
Wands
 e - a wand of acid (9)
 g - a wand of digging (3)
 j - a wand of charming (5)
 x - a wand of polymorph (8)
 H - a wand of mindburst (27)
Scrolls
 c - 3 scrolls of fog
 d - a scroll of magic mapping
 f - 4 scrolls of enchant weapon
 h - 2 scrolls of vulnerability
 q - a scroll of identify
 t - 2 scrolls of silence
 C - a scroll of torment
 E - 6 scrolls of teleportation
Potions
 a - a potion of haste
 p - a potion of ambrosia
 s - a potion of resistance
 w - 2 potions of lignification {unknown}
 A - 8 potions of curing
 G - 2 potions of heal wounds {unknown}
 Q - a potion of mutation {unknown}


   Skills:
 + Level 6.4 Fighting
 - Level 3.1 Long Blades
 + Level 8.4 Polearms
 + Level 4.1 Throwing
 + Level 8.2 Armour
 + Level 2.1 Dodging
 + Level 9.0 Stealth
 + Level 3.6 Shields
 + Level 3.9 Unarmed Combat
 * Level 7.7 Invocations
 * Level 6.7 Evocations


You had 11 spell levels left.
You didn't know any spells.
Your spell library contained the following spells:

 Spells                   Type           Power      Damage    Failure   Level
 Foxfire                  Conj/Fire      0%         2x1d4     100%        1
 Summon Small Mammal      Summ           0%         N/A       100%        1
 Call Canine Familiar     Summ           0%         N/A       100%        3
 Conjure Flame            Conj/Fire      0%         6-21      100%        3
 Dazzling Flash           Conj/Hex       0%         N/A       100%        3
 Frozen Ramparts          Ice            0%         1d2       100%        3
 Gell's Gravitas          Tloc           0%         N/A       100%        3
 Ignite Poison            Fire/Tmut/Pois 0%         N/A       100%        3
 Inner Flame              Hex/Fire       0%         N/A       100%        3
 Ozocubu's Armour         Ice            0%         N/A       100%        3
 Portal Projectile        Hex/Tloc       0%         N/A       100%        3
 Stone Arrow              Conj/Erth      0%         3d7       100%        3
 Summon Guardian Golem    Hex/Summ       0%         N/A       100%        3
 Teleport Other           Tloc           0%         N/A       100%        3
 Animate Armour           Summ/Erth      0%         N/A       100%        4
 Flame Wave               Conj/Fire      0%         3d3       100%        4
 Ice Form                 Ice/Tmut       0%         N/A       100%        4
 Iskenderun's Mystic Bla  Conj/Tloc      0%         2d3       100%        4
 Sticky Flame             Conj/Fire      0%         2d3       100%        4
 Summon Ice Beast         Ice/Summ       0%         N/A       100%        4
 Blade Hands              Tmut           0%         N/A       100%        5
 Excruciating Wounds      Necr           0%         N/A       100%        5
 Summon Forest            Summ/Tloc      0%         N/A       100%        5
 Dispersal                Tloc           0%         N/A       100%        6
 Eringya's Noxious Bog    Tmut/Pois      0%         N/A       100%        6
 Starburst                Conj/Fire      0%         6d3       100%        6
 Summon Hydra             Summ           0%         N/A       100%        7
 Lehudib's Crystal Spear  Conj/Erth      0%         10d2      100%        8


Dungeon Overview and Level Annotations

Branches:
Dungeon (10/15)            Temple (1/1) D:6            Lair (2/6) D:8
  Swamp: Lair:2-4    Shoals: Lair:2-4     Snake: Lair:2-4    Spider: Lair:2-4
    Orc: D:9-12

Altars:
Ashenzari
Cheibriados
Dithmenos
Elyvilon
Fedhas
Gozag
Hepliaklqana
Kikubaaqudgha
Makhleb
Nemelex Xobeh
Okawaru
Qazlal
Ru
Sif Muna
Trog
Uskayaw
Vehumet
Wu Jian
Xom
Yredelemnul
Zin
The Shining One
Beogh

Shops:
D:1 (   D:9 *


Innate Abilities, Weirdness & Mutations

Your serpentine skin is tough. (AC +4)
You have supernaturally acute eyesight. (SInv)
Armour fits poorly on your strangely shaped body.
Your system is resistant to poisons. (rPois)
You cover ground very slowly.
You can spit poison.
You have a snake-like lower body.


Message History

* * * LOW HITPOINT WARNING * * *
You puncture the death yak!
The death yak is almost dead.
Your +5 spear of the Wizarding Madman {spect, rF+ Int+4} hits the death yak!
You kill the death yak!
Dithmenos accepts your kill. The death yak gores you!
* * * LOW HITPOINT WARNING * * *
You hit the death yak.
The death yak is lightly wounded.
Your +5 spear of the Wizarding Madman {spect, rF+ Int+4} barely misses the death yak.
The death yak gores you but does no damage.
You puncture the death yak!
The death yak is moderately wounded.
Your +5 spear of the Wizarding Madman {spect, rF+ Int+4} hits the death yak from afar.
The death yak gores you but does no damage.
You puncture the death yak!
The death yak is heavily wounded.
Your +5 spear of the Wizarding Madman {spect, rF+ Int+4} hits the death yak from afar.
The death yak gores you!
* * * LOW HITPOINT WARNING * * *
You hit the death yak.
The death yak is heavily wounded.
Your +5 spear of the Wizarding Madman {spect, rF+ Int+4} hits the death yak from afar!
A nearby fungus withers and dies.
The death yak gores you!!
* * * LOW HITPOINT WARNING * * *
Unknown command.
You are too berserk!
You feel a strong urge to attack something.
You are no longer berserk.
You are exhausted.
You feel yourself slow down.
You feel better. You block the death yak's attack. The death yak gores you.
* * * LOW HITPOINT WARNING * * *
The death yak gores you but does no damage.
As you read the scroll of teleportation, it crumbles to dust.
You feel strangely unstable. The death yak gores you!
* * * LOW HITPOINT WARNING * * *
The death yak gores you!
You die...

..#.##### #.......##
.........# ......
#.......# ......
#.......# ......###
#.......## ......#.#
#........# ........#
#.@.....##
..[.....###YY......#
S........#........#.
...........†.......#
...................#
.###.##............#
########..>.....##
#.....#.........P#
#...##.#........P#


You could see 2 death yaks.

Vanquished Creatures
  A boulder beetle (D:10)
  2 two-headed ogres (D:9)
  3 death yaks (Lair:2)
  Pikel (D:8)
  The ghost of FilthyApe the Basher, a novice MiFi of Okawaru (D:6)
  An oklob plant (Lair:2)
  A cyclops (D:8)
  A black mamba (Lair:1)
  A cane toad (Lair:1)
  A rime drake (Lair:1)
  A hornet (D:9)
  Prince Ribbit (D:8)
  2 trolls
  9 yaks
  Grum (Lair:1)
  3 wyverns (D:8)
  A steam dragon (D:8)
  2 basilisks (D:8)
  Menkaure (D:6)
  An acid dragon (D:10)
  9 water moccasins
  2 orc warriors
  2 black bears
  2 sky beasts
  3 necrophages
  2 wolves (Lair:1)
  A centaur (D:8)
  An ogre (D:5)
  2 kobold brigands
  Blork the orc (D:5)
  6 bullfrogs
  2 gnoll sergeants
  4 scorpions
  2 wyvern zombies
  A wyvern skeleton (D:5)
  4 howler monkeys
  5 wights (D:6)
  An electric eel (Lair:1)
  3 centaur zombies
  2 bullfrog zombies
  5 orc priests
  2 bullfrog skeletons
  2 hounds
  A jelly (D:4)
  2 centaur skeletons
  5 iguanas
  5 orc wizards
  A killer bee zombie (D:9)
  A howler monkey zombie (D:5)
  12 gnolls
  3 adders
  A white imp (D:7)
  An adder skeleton (D:4)
  A worm (D:3)
  4 dart slugs
  23 orcs
  6 endoplasms
  7 giant cockroaches
  4 hobgoblins
  4 jackals (D:4)
  13 kobolds
  3 quokkas
  4 ball pythons
  9 bats
  3 frilled lizards
  8 goblins
  9 rats
229 creatures vanquished.

Vanquished Creatures (others)
  4 fungi
  15 plants
19 creatures vanquished.

Grand Total: 248 creatures vanquished

Notes
Turn   | Place    | Note
-------+----------+-------------------------------------------
     0 | D:5      | mg7810 the Naga Delver began the quest for the Orb.
     0 | D:5      | Reached XP level 1. HP: 21/21 MP: 1/1
   320 | D:2      | Reached XP level 2. HP: 20/28 MP: 2/2
   473 | D:2      | Reached skill level 8 in Stealth
   740 | D:1      | Reached XP level 3. HP: 30/34 MP: 3/3
   882 | D:1      | Got the Grimoire of the Snowflakes and Summoning
  1031 | D:1      | Found Atiorapp's Antique Weapon Shoppe.
  1667 | D:2      | Reached XP level 4. HP: 23/40 MP: 4/4
  2229 | D:3      | Reached skill level 1 in Armour
  2312 | D:3      | Reached XP level 5. HP: 33/49 MP: 5/5
  2795 | D:4      | Reached skill level 1 in Throwing
  2896 | D:4      | Reached skill level 1 in Unarmed Combat
  2932 | D:4      | Reached skill level 1 in Shields
  3027 | D:1      | Bought a dazzling spear for 152 gold pieces
  3027 | D:1      | Identified the +5 spear of the Wizarding Madman {spect, rF+
                  | Int+4} (You bought it in a shop on level 1 of the Dungeon)
  3268 | D:4      | Reached XP level 6. HP: 56/56 MP: 6/6
  3435 | D:5      | Found a shadowy altar of Dithmenos.
  3444 | D:5      | Became a worshipper of Dithmenos the Shadowed
  3506 | D:5      | Noticed a water moccasin
  3511 | D:5      | Killed a water moccasin
  3512 | D:5      | Reached skill level 1 in Evocations
  3597 | D:5      | Reached skill level 1 in Polearms
  3597 | D:5      | Reached XP level 7. HP: 60/62 MP: 7/7
  3666 | D:5      | Noticed Blork the orc
  3671 | D:5      | Killed Blork the orc
  3672 | D:5      | Reached skill level 1 in Invocations
  4104 | D:5      | Reached XP level 8. HP: 72/72 MP: 9/9
  4368 | D:6      | Found a large runed translucent door.
  4369 | D:6      | Found a large runed translucent door.
  4369 | D:6      | Noticed FilthyApe's ghost (novice MiFi)
  4457 | D:6      | Found a staircase to the Ecumenical Temple.
  4563 | D:6      | Reached * piety under Dithmenos
  4574 | D:6      | Reached skill level 5 in Armour
  4594 | D:6      | Noticed Menkaure
  4621 | D:6      | Killed Menkaure
  4622 | D:6      | Reached XP level 9. HP: 25/78 MP: 11/11
  4731 | D:6      | Found the +3 pair of gauntlets of War {Slay+5}
  5267 | D:6      | Killed FilthyApe's ghost
  5268 | D:6      | Reached skill level 5 in Polearms
  5632 | D:7      | Reached ** piety under Dithmenos
  6105 | Temple   | Entered the Ecumenical Temple
  6268 | D:8      | Noticed Pikel
  6273 | D:8      | Killed Pikel
  6274 | D:8      | Reached XP level 10. HP: 72/87 MP: 13/13
  6279 | D:8      | Reached skill level 5 in Invocations
  6465 | D:8      | Reached skill level 5 in Fighting
  6487 | D:8      | Found a staircase to the Lair.
  6564 | D:8      | Noticed a cyclops
  6578 | D:8      | Killed a cyclops
  6579 | D:8      | Noticed Prince Ribbit
  6588 | D:8      | Killed Prince Ribbit
  6622 | D:8      | Found an iron altar of Okawaru.
  6627 | D:8      | Found an opulent altar of Gozag.
  6627 | D:8      | Found a shimmering altar of Xom.
  6638 | D:8      | Found an ancient bone altar of Kikubaaqudgha.
  6641 | D:8      | Found a sacrificial altar of Ru.
  6760 | D:8      | Reached *** piety under Dithmenos
  6971 | D:9      | Found Dod Fag's General Store.
  7054 | D:9      | Reached XP level 11. HP: 96/96 MP: 15/15
  7084 | D:9      | Noticed a two-headed ogre
  7087 | D:9      | Noticed a two-headed ogre
  7094 | D:9      | Killed a two-headed ogre
  7095 | D:9      | Reached skill level 5 in Evocations
  7101 | D:9      | HP: 2/97 [orc priest/divine providence (16)]
  7106 | D:9      | HP: 1/97 [troll (8)]
  7340 | D:9      | Killed a two-headed ogre
  7429 | D:10     | Entered Level 10 of the Dungeon
  7477 | D:10     | Noticed a boulder beetle
  7515 | D:10     | Killed a boulder beetle
  8303 | Lair:1   | Entered Level 1 of the Lair of Beasts
  8682 | Lair:1   | Noticed Grum
  8699 | Lair:1   | Killed Grum
  9207 | Lair:2   | Noticed an oklob plant
  9222 | Lair:2   | Killed an oklob plant
  9222 | Lair:2   | Reached **** piety under Dithmenos
  9269 | Lair:2   | Noticed a death yak
  9279 | Lair:2   | Noticed a death yak
  9281 | Lair:2   | Noticed a death yak
  9283 | Lair:2   | Noticed a death yak
  9283 | Lair:2   | Noticed a death yak
  9288 | Lair:2   | Killed a death yak
  9289 | Lair:2   | Reached skill level 9 in Stealth
  9289 | Lair:2   | Reached XP level 12. HP: 82/105 MP: 17/17
  9294 | Lair:2   | Killed a death yak
  9299 | Lair:2   | Killed a death yak
  9303 | Lair:2   | HP: 1/159 [death yak (21)]
  9308 | Lair:2   | HP: 4/106 [death yak (13)]
  9308 | Lair:2   | Slain by a death yak

Illustrated notes

Levels and vault maps discovered:
D:1:      dpeg_arrival_arbitrary_b, layout_basic, serial_shops, shop
D:2:      layout_basic, minmay_nonomino_d4
D:3:      minmay_spotlight, layout_loops_ring, st_stairs_4,
          kennysheep_orc_chapel
D:4:      layout_loops_ring, corexii_shack
D:5:      layout_gridville, nicolae_dithmenos_through_a_glass_darkly,
          uniq_blork_the_orc
D:6:      layout_basic, minmay_temple_entry_from_below_a,
          ebering_ghost_disaster_area, wad_floor_pattern_untrapped,
          grunt_ministairs_10, uniq_menkaure
D:7:      layout_gridville
D:8:      layout_cave_pools, minmay_overflow_temple_star_hex,
          minmay_lair_entry_grove, uniq_prince_ribbit1, uniq_pikel
D:9:      layout_basic, serial_shops, shop
D:10:     layout_basic
Temple:   lightli_temple_of_artemis
Lair:1:   layout_regular_city, cheibrodos_lair_caveside_slide,
          serial_bayou_lagoon_b, infiniplex_staircase_pool, uniq_grum
Lair:2:   layout_small_grid, minmay_shoals_entry_centaurs,
          nicolae_spider_entry_orb_guardian, nzn_ghost_randoct,
          minmay_lair_oklob_items

Skill      XL: |  1  2  3  4  5  6  7  8  9 10 11 |
---------------+----------------------------------+-----
Stealth        | 8 9 |  9.0
Armour         | 1 2 3 4 5 6 7 8 |  8.2
Throwing       | 1 2 3 4 |  4.1
Unarmed Combat | 1 2 3 |  3.9
Shields        | 1 2 3 |  3.6
Long Blades    | 3 |  3.1
Evocations     | 1 2 3 4 6 |  6.7
Polearms       | 1 2 4 6 8 |  8.4
Invocations    | 1 3 4 6 7 |  7.7
Fighting       | 4 5 6 |  6.4
Dodging        | 2 |  2.1

Action                   |  1- 3 |  4- 6 |  7- 9 | 10-12 || total
-------------------------+-------+-------+-------+-------++-------
Melee: Falchion          |   123 |    87 |       |       ||   210
       Spear             |       |    26 |   164 |   272 ||   462
Throw: Dart              |     1 |     2 |       |    19 ||    22
Invok: Shadow Step       |       |       |       |     1 ||     1
 Abil: Spit Poison       |     6 |     3 |       |     1 ||    10
Evoke: Wand              |       |       |       |     4 ||     4
  Use: Potion            |       |     3 |     6 |     4 ||    13
       Scroll            |       |     1 |     5 |    10 ||    16
 Stab: Sleeping          |     4 |       |       |       ||     4
       Invisible         |       |     1 |       |       ||     1
       Distracted        |       |       |     2 |     5 ||     7
Armor: Leather armour    |    42 |       |       |       ||    42
       Plate armour      |    43 |    81 |   133 |   209 ||   466
Dodge: Dodged            |    56 |     9 |    15 |    53 ||   133
Block: Buckler           |       |    15 |    27 |    42 ||    84
       Kite shield       |       |       |       |    42 ||    42

Table legend: (Time is in decaauts)
 A = Elapsed time spent in this place.
 B = Non-inter-level travel time spent in this place.
 C = Inter-level travel time spent in this place.
 D = Time resting spent in this place.
 E = Time spent auto-exploring this place.
 F = Levels seen in this place.
 G = Mean time per level.
                   A        B        C        D        E       F      G
               +--------+--------+--------+--------+--------+-----+--------+
         Total |  12047 |  11127 |    920 |      0 |   8496 |  13 |  926.7 |
       Dungeon |  10574 |   9690 |    884 |      0 |   7458 |  10 | 1057.4 |
        Temple |    185 |    182 |      3 |      0 |    113 |   1 |  185.0 |
          Lair |   1287 |   1254 |     33 |      0 |    924 |   2 |  643.5 |
               +--------+--------+--------+--------+--------+-----+--------+

Top non-repeatable levels by time:
     D:6: 1546 daAuts
     D:5: 1217 daAuts
     D:3: 1156 daAuts
  Lair:1: 1153 daAuts
     D:7: 1151 daAuts
     D:1: 1129 daAuts
     D:4: 1080 daAuts
     D:2: 971 daAuts
    D:10: 963 daAuts
     D:8: 735 daAuts
     D:9: 621 daAuts
  Temple: 185 daAuts
  Lair:2: 133 daAuts
